Map: Neon Violet Square LE

Players

ShoWTimE - Winner!

  • Race: Protoss Protoss
  • Spawn Location: 5:00

Harstem

  • Race: Protoss Protoss
  • Spawn Location: 11:00

Event: WCS Leipzig 2018

VOD

Have the link to the VOD?

Description

Time

  • Played on: Jan. 26, 2018, 1:46 p.m.
  • Length: 22:44

All games in this series

Show
View Real Time Build Order
Export as new Build Order

ShoWTimE Protoss - Winner!

Build Orders: Oracle Opening 

Get SALT Encoding   

  12  0:00  Probe  
  13  0:12  Probe  
  14  0:18  Pylon  
  14  0:24  Probe (Chrono Boost)  
  15  0:36  Probe (Chrono Boost)  
  15  0:39  Gateway  
  16  0:45  Probe (Chrono Boost)  
  16  0:47  Assimilator  
  17  0:51  Probe (Chrono Boost)  
  17  0:55  Assimilator  
  18  1:03  Probe (Chrono Boost)  
  19  1:08  Gateway  
  19  1:12  Probe (Chrono Boost)  
  20  1:18  Probe  
  21  1:25  Cybernetics Core  
  21  1:30  Probe  
  22  1:35  Pylon  
  22  1:42  Probe  
  23  1:54  Probe  
  24  2:03  Stalker x2, Warp Gate  
  28  2:13  Pylon  
  28  2:26  Stargate  
  28  2:33  Stalker  
  30  2:38  Stalker  
  32  3:09  Oracle (Chrono Boost)  
  32  3:11  Nexus  
  35  3:18  Pylon  
  35  3:23  Probe  
  36  3:36  Oracle (Chrono Boost)  
  36  3:38  Shield Battery  
  36  3:40  Probe  
  40  3:52  Probe  
  41  3:57  Robotics Facility  
  41  4:04  Probe (Chrono Boost)  
  42  4:16  Probe (Chrono Boost)  
  45  4:24  Probe (Chrono Boost)  
  45  4:26  Probe (Chrono Boost)  
  45  4:27  Forge  
  45  4:28  Sentry  
  47  4:35  Probe (Chrono Boost)  
  47  4:37  Probe (Chrono Boost)  
  49  4:39  Pylon  
  49  4:41  Probe (Chrono Boost), Sentry  
  49  4:44  Probe (Chrono Boost)  
  53  4:48  Observer  
  53  4:50  Probe  
  53  4:51  Assimilator  
  55  4:55  Probe, Assimilator  
  56  5:02  Probe, Protoss Ground Weapons Level 1 (Chrono Boost)  
  57  5:07  Probe  
  57  5:14  Probe  
  59  5:15  Pylon  
  59  5:19  Probe  
  60  5:26  Probe  
  61  5:30  Nexus  
  61  5:31  Probe  
  62  5:38  Probe  
  62  5:41  Twilight Council  
  63  5:43  Probe  
  64  5:50  Probe  
  64  5:52  Robotics Bay  
  64  5:55  Probe  
  66  5:58  Robotics Facility  
  66  6:02  Probe  
  67  6:06  Pylon  
  67  6:07  Probe  
  68  6:14  Probe  
  69  6:20  Probe  
  69  6:21  Charge  
  70  6:26  Probe  
  70  6:32  Probe  
  72  6:34  Pylon  
  72  6:37  Colossus (Chrono Boost)  
  72  6:38  Probe  
  79  6:41  Extended Thermal Lance  
  79  6:43  Probe  
  79  6:44  Probe  
  79  6:46  Colossus (Chrono Boost)  
  81  6:50  Probe  
  88  6:54  Assimilator, Protoss Ground Weapons Level 2 (Chrono Boost)  
  88  6:55  Probe  
  88  6:59  Assimilator  
  89  7:03  Probe  
  90  7:12  Gateway x2  
  90  7:17  Colossus (Chrono Boost)  
  90  7:28  Gateway  
  90  7:29  Colossus  
  96  7:30  Gateway  
  96  7:35  Photon Cannon  
  102  7:47  Pylon  
  102  7:49  Templar Archives  
  102  7:54  Shield Battery  
  102  7:56  Pylon  
  102  7:58  Gateway  
  102  7:59  Gateway  
  102  8:10  Nexus  
  102  8:19  Colossus (Chrono Boost)  
  102  8:33  Pylon  
  108  8:34  Phoenix, Colossus (Chrono Boost)  
  110  8:42  Shield Battery x2  
  110  8:45  Pylon  
  110  8:49  High Templar x2  
  110  8:53  Archon  
  110  8:54  High Templar x2, Protoss Ground Weapons Level 3 (Chrono Boost)  
  110  8:55  Zealot x2  
  122  8:58  Archon  
  122  8:59  Zealot  
  122  9:02  Zealot  
  126  9:05  Shield Battery  
  126  9:14  Colossus  
  126  9:24  Colossus, Pylon  
  132  9:36  Probe x3  
  132  9:38  Probe  
  142  9:51  Zealot x4  
  144  9:53  Zealot  
  144  9:58  Probe x3  
  144  9:59  Probe  
  150  10:00  Pylon  
  150  10:04  Assimilator  
  150  10:08  Assimilator  
  150  10:10  Probe x2  
  150  10:13  High Templar x4  
  160  10:16  Pylon  
  160  10:17  Immortal (Chrono Boost), Archon x2  
  160  10:19  Phoenix  
  164  10:23  Immortal (Chrono Boost)  
  168  10:29  Shield Battery  
  168  10:33  Stalker  
  168  10:35  Stalker  
  172  10:38  Pylon  
  172  10:42  Pylon  
  172  10:44  Pylon  
  172  10:47  High Templar x2  
  176  10:53  Immortal, Archon  
  176  10:54  Blink (Chrono Boost)  
  180  10:59  Warp Prism  
  181  11:08  Protoss Shields Level 1 (Chrono Boost)  
  181  11:09  Photon Cannon  
  181  11:17  Pylon  
  181  11:19  Photon Cannon  
  181  11:22  Photon Cannon  
  181  11:25  Photon Cannon  
  181  11:30  Photon Cannon x2  
  181  11:32  High Templar x3  
  187  11:35  High Templar  
  189  11:41  Archon x2  
  189  11:47  Gateway  
  189  11:48  Gateway  
  189  11:51  Oracle  
  189  11:52  Stalker x3  
  195  11:59  Zealot  
  200  12:05  Shield Battery  
  200  12:06  Shield Battery  
  200  12:10  Pylon  
  200  12:11  Pylon  
  200  12:30  Gateway  
  200  12:31  Gateway  
  200  12:47  Protoss Shields Level 2 (Chrono Boost)  
  198  13:00  Nexus  
  198  13:04  Pylon  
  198  13:06  Gateway  
  198  13:08  Gateway  
  198  13:10  Oracle  
  198  13:18  Photon Cannon  
  198  13:19  Photon Cannon  
  198  13:20  Shield Battery  
  198  13:21  Shield Battery  
  198  13:23  Gateway  
  198  13:24  Gateway  
  198  13:26  Gateway  
  198  13:35  Observer (Chrono Boost)  
  194  13:51  Oracle  
  179  14:41  Protoss Shields Level 3 (Chrono Boost)  
  179  14:46  High Templar x3  
  179  14:47  High Templar, Stalker  
  179  14:48  Stalker x5  
  179  14:50  Archon  
  179  14:51  Archon  
  185  15:15  Stalker x2  
  185  15:16  Stalker x3  
  185  15:18  Stalker x4  
  195  15:36  Stargate, Fleet Beacon  
  195  15:46  Stargate  
  195  15:49  Stargate  
  195  15:50  Assimilator, Protoss Air Weapons Level 1 (Chrono Boost)  
  195  15:52  Stargate  
  195  15:53  Assimilator  
  195  15:55  Stargate  
  191  16:20  Oracle  
  186  16:42  Tempest x3  
  196  16:56  Tempest  
  196  17:02  Tempest  
  192  17:29  Tempest  
  196  17:35  Nexus  
  196  17:37  Pylon  
  196  17:51  Pylon  
  196  18:07  Protoss Ground Armor Level 1 (Chrono Boost)  
  196  18:09  Protoss Air Weapons Level 2 (Chrono Boost)  
  184  18:16  Tempest x2  
  184  18:17  Tempest  
  200  18:28  Tempest  
  194  18:38  Gateway  
  194  18:40  Gateway  
  200  18:43  Gateway x2  
  200  18:46  Gateway  
  200  18:47  Photon Cannon  
  200  18:48  Gateway  
  200  18:49  Photon Cannon  
  200  18:51  Gateway, Photon Cannon  
  200  18:52  Shield Battery  
  200  18:59  Pylon  
  200  19:02  Stalker x7  
  200  19:06  Stalker x3  
  200  19:07  Stalker x3  
  199  19:10  Stalker x3  
  199  19:15  Stalker  
  189  19:17  Tempest  
  189  19:18  Tempest  
  183  19:28  Stalker x3  
  183  19:29  Stalker x4  
  191  19:32  Observer  
  191  19:37  Observer  
  192  19:49  Nexus  
  192  19:50  Pylon  
  192  19:53  Observer  
  192  19:55  High Templar x3  
  192  19:59  Observer  
  200  20:00  Pylon, Archon  
  196  20:38  Stalker x2  
  196  20:39  Stalker x6  
  182  20:58  Zealot x7  
  196  21:05  Probe x3  
  196  21:06  Probe  
  190  21:27  Stalker x4  
  190  21:28  Stalker x4  
  138  21:42  Zealot x6  
  139  21:59  High Templar x9  
  157  22:02  High Templar x4  
  157  22:03  Archon x3  
  157  22:04  Archon  
  157  22:08  Observer  
  166  22:11  Archon x2  
  160  22:18  Zealot x4  
  166  22:23  Photon Cannon  
  166  22:26  Assimilator  
  166  22:29  Assimilator  
  166  22:36  Zealot x2  
  166  22:37  Zealot x7  
  174  22:39  High Templar  
  174  22:43  Archon  
Show
View Real Time Build Order
Export as new Build Order

Harstem Protoss 

Build Orders: Phoenix Opening, Archon Immortal, Carriers, Zealot Archon 

Get SALT Encoding   

  12  0:00  Probe  
  13  0:12  Probe  
  14  0:18  Pylon  
  14  0:24  Probe  
  15  0:37  Probe (Chrono Boost)  
  15  0:38  Gateway  
  16  0:47  Probe (Chrono Boost)  
  16  0:49  Assimilator  
  17  0:52  Probe (Chrono Boost)  
  17  0:56  Assimilator  
  18  1:03  Probe (Chrono Boost)  
  19  1:09  Gateway  
  19  1:15  Probe (Chrono Boost)  
  20  1:21  Probe (Chrono Boost)  
  21  1:26  Cybernetics Core  
  21  1:30  Probe  
  22  1:40  Pylon  
  22  1:42  Probe  
  23  2:02  Stalker, Warp Gate  
  25  2:08  Pylon  
  25  2:12  Sentry  
  25  2:13  Probe  
  28  2:25  Probe  
  29  2:37  Probe (Chrono Boost)  
  30  2:45  Nexus  
  30  2:48  Probe (Chrono Boost)  
  31  2:52  Probe (Chrono Boost)  
  31  2:55  Stalker  
  34  3:04  Probe (Chrono Boost)  
  35  3:05  Pylon  
  35  3:13  Forge  
  35  3:17  Probe (Chrono Boost)  
  35  3:18  Phoenix  
  36  3:22  Probe (Chrono Boost)  
  37  3:30  Robotics Facility  
  37  3:34  Probe  
  38  3:42  Shield Battery  
  38  3:46  Probe  
  38  3:47  Protoss Ground Weapons Level 1 (Chrono Boost)  
  39  3:59  Probe (Chrono Boost)  
  39  4:01  Probe (Chrono Boost)  
  41  4:05  Stalker  
  41  4:07  Stalker  
  40  4:14  Probe (Chrono Boost)  
  41  4:17  Probe (Chrono Boost)  
  41  4:23  Probe (Chrono Boost)  
  41  4:24  Probe (Chrono Boost)  
  41  4:27  Observer  
  41  4:29  Probe (Chrono Boost)  
  43  4:32  Probe, Stalker  
  46  4:38  Stalker  
  46  4:41  Probe  
  46  4:44  Probe  
  50  4:50  Twilight Council  
  50  4:53  Probe  
  50  4:57  Probe  
  50  4:59  Stalker  
  54  5:05  Probe  
  55  5:08  Stalker  
  55  5:09  Probe  
  55  5:12  Pylon  
  58  5:18  Probe  
  58  5:20  Assimilator  
  58  5:21  Probe  
  60  5:24  Assimilator  
  60  5:29  Charge  
  60  5:30  Probe  
  60  5:33  Probe  
  62  5:36  Immortal (Chrono Boost)  
  62  5:38  Shield Battery  
  62  5:41  Protoss Ground Weapons Level 2 (Chrono Boost)  
  66  5:47  Probe  
  68  5:59  Gateway  
  68  6:00  Gateway  
  68  6:01  Pylon  
  67  6:07  Probe  
  67  6:08  Probe  
  69  6:16  Pylon  
  69  6:20  Immortal  
  72  6:34  Probe x2  
  74  6:40  Nexus  
  74  6:45  Templar Archives  
  74  6:46  Probe  
  74  6:47  Probe  
  76  6:57  Immortal (Chrono Boost)  
  76  6:58  Probe  
  76  6:59  Probe, Pylon  
  82  7:06  Sentry  
  84  7:10  Probe  
  84  7:11  Probe  
  84  7:13  Pylon  
  86  7:22  Gateway  
  86  7:25  High Templar x2, Gateway, Pylon  
  86  7:27  Probe, Gateway  
  86  7:29  Probe  
  92  7:32  High Templar x2, Archon  
  96  7:42  Probe  
  96  7:44  Probe  
  98  7:48  Gateway  
  98  7:49  Observer  
  98  7:51  Gateway  
  98  7:54  Probe  
  98  7:56  Shield Battery, Protoss Ground Weapons Level 3 (Chrono Boost)  
  99  8:02  Probe  
  99  8:04  Probe  
  101  8:08  Assimilator  
  101  8:09  Archon  
  101  8:11  Probe  
  101  8:12  Assimilator  
  102  8:14  Probe  
  102  8:15  High Templar x2  
  102  8:19  Zealot x2  
  111  8:28  Archon  
  111  8:34  Warp Prism (Chrono Boost), Stargate  
  113  8:42  Probe x2  
  113  8:45  Probe  
  113  8:47  Photon Cannon  
  116  8:51  Nexus  
  116  8:54  Probe  
  117  8:56  Probe  
  117  8:59  Probe  
  117  9:02  Immortal (Chrono Boost), Pylon  
  119  9:09  Stargate  
  123  9:11  Assimilator  
  123  9:15  Assimilator  
  123  9:20  Oracle (Chrono Boost)  
  123  9:21  Fleet Beacon  
  123  9:22  Stargate  
  126  9:25  Protoss Air Weapons Level 1  
  126  9:32  Probe  
  126  9:34  Probe  
  126  9:38  Probe  
  129  9:50  Warp Prism (Chrono Boost)  
  129  10:03  Tempest (Chrono Boost)  
  147  10:15  Pylon  
  147  10:16  Tempest x2 (Chrono Boost), Pylon  
  147  10:18  Pylon  
  147  10:25  Dark Shrine  
  147  10:26  Pylon  
  147  10:28  Pylon  
  147  10:34  Mothership (Chrono Boost)  
  155  10:36  Tempest (Chrono Boost)  
  165  11:00  Tempest (Chrono Boost)  
  165  11:01  Tempest (Chrono Boost)  
  165  11:03  Protoss Shields Level 1 (Chrono Boost)  
  171  11:13  Immortal (Chrono Boost)  
  171  11:15  Tempest (Chrono Boost)  
  171  11:18  Pylon  
  181  11:19  Pylon  
  181  11:25  Nexus  
  181  11:27  Tempest (Chrono Boost)  
  185  11:40  Zealot x3, Dark Templar  
  199  11:51  Tempest (Chrono Boost)  
  195  12:09  Immortal (Chrono Boost)  
  195  12:36  Pylon  
  192  12:37  Oracle  
  192  12:39  Assimilator  
  192  12:41  Immortal  
  192  12:43  Assimilator  
  199  12:50  Protoss Air Weapons Level 2 (Chrono Boost)  
  199  12:57  Graviton Catapult (Chrono Boost)  
  195  13:01  Protoss Shields Level 2  
  195  13:17  Photon Cannon x2  
  195  13:19  Shield Battery  
  195  13:21  Photon Cannon x2  
  195  13:22  Shield Battery  
  195  13:24  Photon Cannon  
  195  13:25  Pylon  
  195  13:26  Shield Battery  
  197  13:38  Zealot  
  199  13:41  Carrier (Chrono Boost)  
  187  13:56  Photon Cannon  
  187  13:57  Shield Battery  
  187  14:01  Carrier (Chrono Boost)  
  193  14:06  Carrier (Chrono Boost)  
  199  14:10  Photon Cannon  
  199  14:11  Pylon  
  199  14:16  Photon Cannon  
  199  14:17  Pylon  
  199  14:23  Nexus  
  199  14:24  Pylon  
  199  14:30  Pylon  
  199  14:34  Stalker  
  199  14:37  Pylon  
  199  14:41  Nexus  
  199  15:21  Photon Cannon  
  199  15:26  Photon Cannon  
  199  15:28  Photon Cannon  
  199  15:29  Pylon  
  199  15:33  Protoss Air Weapons Level 3 (Chrono Boost)  
  199  15:35  Shield Battery  
  199  15:46  Carrier (Chrono Boost)  
  200  15:51  Carrier (Chrono Boost)  
  200  16:02  Oracle (Chrono Boost)  
  200  16:03  Photon Cannon  
  199  16:05  Photon Cannon  
  199  16:07  Photon Cannon  
  199  16:10  Protoss Shields Level 3 (Chrono Boost)  
  199  16:21  Shield Battery  
  199  16:23  Pylon  
  199  16:27  Nexus  
  199  16:29  Carrier (Chrono Boost)  
  199  16:35  Pylon  
  199  16:37  Mothership (Chrono Boost)  
  192  16:41  Pylon  
  192  16:48  Nexus, Pylon  
  192  16:56  Nexus  
  192  16:59  Pylon  
  192  17:00  Pylon  
  196  17:02  Carrier (Chrono Boost)  
  200  17:24  Nexus  
  200  17:25  Pylon  
  200  17:38  Pylon  
  200  17:52  Photon Cannon  
  200  17:54  Photon Cannon  
  200  17:56  Photon Cannon  
  200  17:57  Carrier (Chrono Boost), Photon Cannon  
  200  17:58  Shield Battery  
  200  18:00  Shield Battery  
  199  18:13  Protoss Air Armor Level 1 (Chrono Boost)  
  199  18:25  Observer  
  200  18:32  Photon Cannon  
  177  19:11  Carrier (Chrono Boost)  
  177  19:13  Carrier (Chrono Boost)  
  151  19:24  Dark Templar x2  
  151  19:25  Zealot x6, Dark Templar  
  143  19:32  Carrier (Chrono Boost)  
  143  19:36  Probe  
  136  19:42  Probe x3  
  136  19:50  High Templar x2, Stargate  
  136  19:51  High Templar x3  
  136  19:52  High Templar  
  124  19:54  Stargate  
  124  19:55  Archon x2  
  124  19:57  Archon  
  124  20:00  High Templar x2  
  124  20:04  Archon  
  124  20:05  Immortal (Chrono Boost)  
  128  20:10  Mothership  
  139  20:20  High Templar  
  141  20:23  High Templar x5  
  141  20:27  Carrier (Chrono Boost)  
  141  20:28  High Templar, Archon x3  
  146  20:37  Zealot x2  
  146  20:43  Carrier (Chrono Boost)  
  133  20:55  High Templar x2  
  133  20:56  High Templar x2  
  132  20:57  High Templar x2  
  132  20:58  High Templar  
  132  20:59  High Templar  
  132  21:01  Archon x3  
  132  21:02  Immortal (Chrono Boost)  
  132  21:03  Carrier (Chrono Boost), Archon  
  132  21:04  High Templar  
  142  21:09  Archon  
  111  21:34  Zealot x5  
  77  21:55  Dark Templar  
  77  21:56  Dark Templar  
  77  21:57  Zealot x2  
  77  22:03  Archon  
  75  22:29  Zealot x3  
Tags
 
Add a new tag
Caveats
  • Supply blocks, unpowered buildings, or Contaminate may cause inaccurate times.
  • Supply counts are checked every 10 seconds.